 Dungeon Crawl Stone Soup version 0.31-a0-1172-g9944ec47dd (webtiles) character file.

Game seed: 14306681943625212507

28 Zonian the Ruffian (level 2, -11/34 HPs)
             Began as a Demigod Shapeshifter on Dec 10, 2023.
             Mangled by an orc
             ... wielding a +0 dagger of electrocution
              (15 damage)
             ... on level 2 of the Dungeon.
             The game lasted 00:02:00 (1371 turns).

Zonian the Ruffian (Demigod Shapeshifter)           Turns: 1371, Time: 00:02:01

Health: -11/34     AC: 21    Str: 15    XL:     2   Next: 78%
Magic:  4/4        EV:  2    Int: 12    God:
Gold:   44         SH:  0    Dex: 13    Spells: 1/1 levels left

rFire   . .          .
                       - Unarmed
rCold   . . .        (no shield)
rNeg    . . .        a - melded +0 animal skin
rPois   +            (helmet currently unavailable)
rElec   .            (cloak currently unavailable)
rCorr   .            (gloves currently unavailable)
SInv    .            (boots currently unavailable)
Will    .....        (no amulet)
Stlth   +            (no ring)
HPRegen 0.25/turn    (no ring)
MPRegen 0.09/turn

%: no passive effects
@: tree-form
A: stationary, stasis, torment immunity, boosted hp, high MP 1, forlorn, divine
attributes
a: no special abilities


You were on level 2 of the Dungeon.
You were a tree.
You visited 1 branch of the dungeon, and saw 2 of its levels.

You collected 44 gold pieces.


Innate Abilities, Weirdness & Mutations

You are a tree.
Your roots penetrate the ground, keeping you stationary.
You cannot be teleported.
You are immune to unholy pain and torment.
Your maximum health is greatly increased.
Your equipment is partially melded.
You have an increased reservoir of magic. (+10% MP)
You shall have no god before yourself.
Your divine heritage dramatically boosts your attributes as you level up.


   Skills:
 - Level 1.0 Fighting
 - Level 1.9 Dodging
 + Level 3.2 Unarmed Combat
 + Level 3.1 Shapeshifting


You had one spell level left.
You didn't know any spells.
Your spell library contained the following spells:

 Spells                   Type           Power      Damage    Failure   Level
 Apportation              Tloc           0%         N/A       32%         1
 Jinxbite                 Hex            0%         N/A       45%         2
 Alistair's Intoxication  Tmut/Pois      0%         N/A       100%        5

Inventory:

Hand Weapons
 e - a +0 club {mace}
   (You took it off a goblin on level 1 of the Dungeon)
 f - a +1 mace of protection {mace}
   (You found it on level 1 of the Dungeon)
 g - a +0 spear {polearm}
   (You found it on level 1 of the Dungeon)
 i - a +0 club {mace}
   (You took it off a goblin on level 1 of the Dungeon)
 l - a +0 hand axe {axe}
   (You found it on level 1 of the Dungeon)
Armour
 a - a +0 animal skin (melded)
Jewellery
 n - an amulet of magic regeneration {@e2}
   (You found it on level 1 of the Dungeon)
Talismans
 c - a beast talisman
 d - a flux talisman
Scrolls
 j - 2 scrolls of poison {unknown}
 m - a scroll of identify {unknown}
 p - a scroll of blinking {unknown}
Potions
 h - a potion of berserk rage {unknown}
 k - a potion of curing {unknown}
 o - a potion of attraction {unknown}

Dungeon Overview and Level Annotations

Branches:
Dungeon (2/15) Zot: 10631

#. #.####.#.....
###.### ##.
#.###### #
#.....#.##.## #.#
..#.....#.##... #.#
...............##.#
r.......#.##......#
..................#
_...#.#o#.##..###.#
......#♣#.##..###.#
......o...........#
##..#.#.####.###..#
#
#.#.####.###..####
# #.#............#
#.#.##.###..##.#
#.#.##.# #..##.#
#.#.##.# #..##.###
#.#.##.###..##...#


You could see 2 orcs.


Message History

You kill the ball python!
Unknown command.
You pick up a book of Party Tricks and begin reading...
You add the spells Apportation, Jinxbite and Alistair's Intoxication to your library.
A dart slug comes into view.
The dart slug launches a dart at you. The slug dart misses you.
You hit the dart slug. You hit the dart slug but do no damage.
The dart slug launches a dart at you. The slug dart misses you.
You hit the dart slug.
You kill the dart slug!
Key pressed, stopping explore.
A rat comes into view.
The rat squeaks loudly.
You hit the rat.
You kill the rat!
No target in view!
No target in view!
You now have 44 gold pieces (gained 4).
Key pressed, stopping explore.
j - 2 scrolls labelled BUENIY FAZACKU (gained 1) 2 orcs come into view.
Found an ornate altar of the Wu Jian Council.
The orc shouts! x2; You hear a loud squeak.
The orc moves out of view. x2
An orc comes into view.
It is wielding a +0 dagger of electrocution.
The orc moves out of view.
You barely miss the orc. The orc barely misses you.
You hit the orc. The orc barely misses you.
The orc shouts!
You hit the orc. The orc hits you with a +0 hand axe.
The orc hits you but does no damage.
An orc comes into view. It is wielding a +0 whip. 😕 HP[-4]
You take 4 damage, and now have 19/23 hp.
The orc shouts!
You hit the orc. The orc hits you with a +0 hand axe.
The orc hits you with a +0 club. 😮 HP[-5]
You take 5 damage, and now have 14/23 hp.
MASSIVE DAMAGE!! (PAUSE)
You barely miss the orc. The orc barely misses you. The orc closely misses you.
Unknown command.
You hit the orc.
You kill the orc!
The orc hits you with a +0 hand axe.
* * * LOW HITPOINT WARNING * * *
😨 HP[-5]
You take 5 damage, and now have 9/23 hp.
MASSIVE DAMAGE!! (PAUSE)
You barely miss the orc. The orc hits you with a +0 hand axe.
* * * LOW HITPOINT WARNING * * *
A rat comes into view. 😨 HP[-3]
You take 3 damage, and now have 6/23 hp.
Unknown command.
Things that are here:
a +0 club {mace}; an orc corpse Unknown command.
You hit the orc but do no damage. The orc hits you with a +0 hand axe.
* * * LOW HITPOINT WARNING * * *
😱 HP[-1]
You take 1 damage, and now have 5/23 hp.
Unknown command.
You hit the orc. The orc misses you.
Unknown command.
You closely miss the orc.
Unknown command.
You closely miss the orc. The orc barely misses you.
Unknown command.
Your transformation has ended.
You turn into a tree.
Your +0 animal skin melds into your body.
Your roots penetrate the ground.
The orc hits you with a +0 hand axe.
* * * LOW HITPOINT WARNING * * *
😱 HP[+2]
You now have 34 max hp (+11).
You regained 2 hp, and now have 7/34 hp.
Unknown command.
You hit the orc. The orc completely misses you.
The orc barely misses you. 😱 HP[+1] Unknown command.
You hit the orc but do no damage. The orc hits you but does no damage. x2
Unknown command.
You barely miss the orc. The orc hits you with a +0 hand axe.
* * * LOW HITPOINT WARNING * * *
The orc hits you with a +0 whip.
* * * LOW HITPOINT WARNING * * *
😱 HP[-5]
You take 5 damage, and now have 3/34 hp.
Unknown command.
You hit the orc.
You kill the orc!
The orc hits you but does no damage.
Unknown command.
You hit the orc but do no damage. The orc hits you but does no damage. x2
You are electrocuted!
You die...

Skill      XL: |  1  2 |
---------------+-------+-----
Fighting       | 1 |  1.0
Unarmed Combat | 3 |  3.2
Shapeshifting  | 3 |  3.1
Dodging        | |  1.9

Action                     || total
---------------------------++-------
  Melee: Unarmed           ||    83
         Punch             ||     1
    Use: Potion            ||     1
 Armour: Animal skin       ||    40
         Skin              ||     8
  Dodge: Dodged            ||    41

Levels and vault maps discovered:
D:1:      amcnicky_arrival_feature_with_door, layout_rooms,
          basic_ecumenical_altar
D:2:      layout_loops_ring, basic_altar, small_statue_intersection

Notes
Turn   | Place    | Note
-------+----------+-------------------------------------------
     0 | D:1      | Zonian the Demigod Shapeshifter began the quest for the
                  | Orb.
     0 | D:1      | Reached XP level 1. HP: 15/15 MP: 3/3
     0 | D:1      | magus.rc [v1.9.6]
    45 | D:1      | Reached skill level 1 in Fighting
   248 | D:1      | Reached XP level 2. HP: 23/23 MP: 4/4
   319 | D:1      | Reached skill level 3 in Unarmed Combat
   822 | D:2      | HP: 2/23 [worm (6)]
  1027 | D:2      | Reached skill level 3 in Shapeshifting
  1263 | D:2      | You pick up a book of Party Tricks and begin reading...
  1263 | D:2      | You add the spells Apportation, Jinxbite and Alistair's
                  | Intoxication to your library.
  1362 | D:2      | HP: 5/23 [orc/+0 hand axe (2)]
  1369 | D:2      | HP: 5/34 [orc/+0 hand axe (3)]
  1371 | D:2      | Mangled by an orc

Vanquished Creatures
  A worm (D:2)
  A dart slug (D:2)
  2 orcs (D:2)
  2 ball pythons
  2 bats (D:1)
  A giant cockroach (D:1)
  2 goblins (D:1)
  3 hobgoblins (D:1)
  A frilled lizard (D:1)
  6 rats
21 creatures vanquished.

Table legend:
 A = Non-vault XP
 B = Vault XP
 C = Vault XP percentage of total XP
 D = Non-vault monster count
 E = Vault monster count
 F = Vault count percentage of total count
                 A         B        C        D         E       F
            +---------+---------+-------+---------+---------+-------
      Total |      41 |       0 |   0.0 |      21 |       0 |   0.0
            +---------+---------+-------+---------+---------+-------
        D:1 |      23 |       0 |   0.0 |      15 |       0 |   0.0
        D:2 |      18 |       0 |   0.0 |       6 |       0 |   0.0
            +---------+---------+-------+---------+---------+-------

Skill      XL: |  1  2 |
---------------+-------+-----
Fighting       | 1 |  1.0
Unarmed Combat | 3 |  3.2
Shapeshifting  | 3 |  3.1
Dodging        | |  1.9

Action                     || total
---------------------------++-------
  Melee: Unarmed           ||    83
         Punch             ||     1
    Use: Potion            ||     1
 Armour: Animal skin       ||    40
         Skin              ||     8
  Dodge: Dodged            ||    41

Illustrated notes

Table legend:
 A = Kills in this place as a percentage of kills in the entire game.
 B = Kills by you in this place as a percentage of kills by you in the entire game.
 C = Kills by friends in this place as a percentage of kills by friends in the entire game.
 D = Other kills in this place as a percentage of other kills in the entire game.
 E = Experience gained in this place as a percentage of experience gained in the entire game.
 F = Experience gained in this place divided by the number of levels of this place that you have seen.
                   A       B       C       D       E      F
               +-------+-------+-------+-------+-------+----------------------
         Total | 100.0 | 100.0 |   N/A |   N/A | 100.0 |  20.5
       Dungeon | 100.0 | 100.0 |   N/A |   N/A | 100.0 |  20.5
               +-------+-------+-------+-------+-------+----------------------

Table legend: (Time is in decaauts)
 A = Elapsed time spent in this place.
 B = Non-inter-level travel time spent in this place.
 C = Inter-level travel time spent in this place.
 D = Time resting spent in this place.
 E = Time spent auto-exploring this place.
 F = Levels seen in this place.
 G = Mean time per level.
                   A        B        C        D        E       F      G
               +--------+--------+--------+--------+--------+-----+--------+
         Total |   1367 |   1336 |     31 |    438 |    713 |   2 |  683.5 |
       Dungeon |   1367 |   1336 |     31 |    438 |    713 |   2 |  683.5 |
               +--------+--------+--------+--------+--------+-----+--------+

Top non-repeatable levels by time:
     D:1: 829 daAuts
     D:2: 538 daAuts
